 Dungeon Crawl Stone Soup version 0.28-a0-1241-gf280a0fbb2 (webtiles) character file.

Game seed: 9567462563936812433

6043 ChaosChampion the Thaumaturge (level 10, -10/50 HPs)
             Began as a Deep Elf Conjurer on Dec 26, 2021.
             Was a Believer of Vehumet.
             Engulfed by a cloud of flame (27 damage)
             ... on level 8 of the Dungeon.
             The game lasted 00:12:17 (7989 turns).

ChaosChampion the Thaumaturge (Deep Elf Conjurer)   Turns: 7989, Time: 00:12:17

Health: -10/50     AC:  8    Str:  4    XL:     10   Next: 57%
Magic:  24/38      EV: 12    Int: 28    God:    Vehumet [**....]
Gold:   500        SH:  0    Dex: 13    Spells: 21/35 levels left

rFire   . . .      SeeInvis .   (no weapon)
rCold   . . .      Faith    .   (no shield)
rNeg    . . .      Spirit   .   r - +0 troll leather armour {Pargi}
rPois   .          Reflect  .   (no helmet)
rElec   .          Harm     .   (no cloak)
rCorr   .          Rampage  .   (no gloves)
Will    +....                   (no boots)
Stlth   +++.......              w - amulet of magic regeneration
HPRegen 0.96/turn               h - +4 ring of protection
MPRegen 0.66/turn               i - ring of magical power

@: no status effects
A: no striking features
a: Renounce Religion


You were on level 8 of the Dungeon.
You worshipped Vehumet.
Vehumet was pleased with you.
You visited 2 branches of the dungeon, and saw 9 of its levels.

You collected 500 gold pieces.

Inventory:

Missiles
 b - 2 throwing nets
Armour
 r - a +0 troll leather armour (worn) {Pargi}
Jewellery
 a - a ring of wizardry
 h - a +4 ring of protection (left hand)
 i - a ring of magical power (right hand)
 o - a +4 ring of evasion
 w - an amulet of magic regeneration (around neck)
 H - an amulet of regeneration
Wands
 p - a wand of iceblast (15)
 D - a wand of charming (3)
Scrolls
 c - 4 scrolls of enchant armour {unknown}
 d - 7 scrolls of identify {unknown}
 e - 2 scrolls of fog {unknown}
 k - a scroll of noise {unknown}
 n - 3 scrolls of fear {unknown}
 s - a scroll of blinking {unknown}
 t - 4 scrolls of teleportation {unknown}
 y - a scroll of magic mapping
 A - a scroll of immolation {unknown}
 E - 2 scrolls of torment {unknown}
 F - a scroll of brand weapon {unknown}
 G - a scroll of vulnerability {unknown}
Potions
 f - 3 potions of curing {unknown}
 g - 2 potions of flight {unknown}
 j - 3 potions of heal wounds {unknown}
 l - a potion of mutation {unknown}
 m - a potion of brilliance {unknown}
 q - 2 potions of lignification {unknown}
 u - a potion of attraction {unknown}
 v - a potion of magic {unknown}
 x - a potion of invisibility {unknown}
 z - a potion of degeneration {unknown}
 B - a potion of might {unknown}
 C - 2 potions of cancellation {unknown}


   Skills:
 - Level 4.5 Dodging
 - Level 4.8 Stealth
 + Level 13.3 Spellcasting
 + Level 11.9 Conjurations
 - Level 6.0 Hexes
 - Level 3.0 Translocations


You had 21 spell levels left.
You knew the following spells:

 Your Spells              Type           Power      Damage    Failure   Level
a - Magic Dart            Conj           100%       1d8       1%          1
b - Searing Ray           Conj           100%       2d8       1%          2
c - Fulminant Prism       Conj/Hex       31%        3d16      1%          4
d - Iskenderun's Mystic   Conj/Tloc      57%        2d12      2%          4
e - Inner Flame           Hex/Fire       35%        N/A       4%          3

Your spell library contained the following spells:

 Spells                   Type           Power      Damage    Failure   Level
 Conjure Flame            Conj/Fire      51%        6-21      1%          3
 Dazzling Flash           Conj/Hex       100%       N/A       1%          3
 Ensorcelled Hibernation  Hex/Ice        70%        N/A       2%          2
 Summon Small Mammal      Summ           72%        N/A       4%          1
 Summon Guardian Golem    Hex/Summ       35%        N/A       4%          3
 Cause Fear               Hex            25%        N/A       4%          4
 Sublimation of Blood     Necr           18%        N/A       8%          2
 Irradiate                Conj/Tmut      25%        3d22      12%         5
 Call Canine Familiar     Summ           18%        N/A       16%         3
 Spider Form              Tmut/Pois      18%        N/A       16%         3
 Petrify                  Tmut/Erth      18%        N/A       45%         4
 Discord                  Hex            25%        N/A       100%        8


Dungeon Overview and Level Annotations

Branches:
Dungeon (8/15)             Temple (1/1) D:6
   Lair: D:8-11

Altars:
Ashenzari
Cheibriados
Elyvilon
Fedhas
Gozag
Hepliaklqana
Kikubaaqudgha
Makhleb
Nemelex Xobeh
Okawaru
Qazlal
Ru
Sif Muna
Trog
Uskayaw
Vehumet
Wu Jian
Xom
Yredelemnul
Zin

Shops:
D:2 *   D:6 (

Annotations:
D:6 1 runed translucent door, MirrMurr's ghost, novice SpEn


Message History

A warg is nearby!
Casting: Fulminant Prism (dangerous; 1% risk of failure)
Confirm with . or Enter, or press ? or * to list all spells.
Aiming: Fulminant Prism (dangerous; 1% risk of failure)
Press: ? - help, Dir - move target You conjure a prism of explosive energy!
A fulminant prism comes into view.
Your fulminant prism crackles loudly.
Your fulminant prism explodes!
The blast of energy engulfs the warg!
The warg is heavily wounded.
You hear a shout!
Casting: Fulminant Prism (dangerous; 1% risk of failure)
Confirm with . or Enter, or press ? or * to list all spells.
You erupt in a blast of force!
The mystic blast hits the warg.
The warg is heavily wounded.
The warg is knocked back by the mystic blast.
Casting: Iskenderun's Mystic Blast (dangerous; 2% risk of failure)
Confirm with . or Enter, or press ? or * to list all spells.
Aiming: Inner Flame (dangerous; 4% risk of failure)
Press: ? - help, Dir - move target, f - warg
Aim: a warg (heavily wounded, chance to affect: 75%)
The warg is filled with an inner flame.
Casting: Inner Flame (dangerous; 4% risk of failure)
Confirm with . or Enter, or press ? or * to list all spells.
You erupt in a blast of force!
The mystic blast hits the warg!
Flame seeps out of the warg.
The warg is almost dead.
The warg is knocked back by the mystic blast.
Casting: Iskenderun's Mystic Blast (dangerous; 2% risk of failure)
Confirm with . or Enter, or press ? or * to list all spells.
You erupt in a blast of force!
The mystic blast hits the warg!
Vehumet accepts your kill.
You feel your power returning.
The warg explodes!
The fiery explosion engulfs you!!
Ouch! That really hurt!
You are engulfed in blazing flames.
Ouch! That really hurt!
You die...

..................
...................
....######......... .
###'#.............. <.
....#.............. ..
....#..............####'#
....#.....#########.....#
....#.....'.....§§......#
....#.....#.....@§°.)...#
....#.....#.....§§§.PP..#
....#.....#.............#
....#.....#[............#
....#.....#.............#
#####.....###############
#######


There were no monsters in sight!

Vanquished Creatures
  Pikel (D:6)
  A meliai zombie (D:7)
  Prince Ribbit (D:7)
  Grinder (D:3)
  Sigmund (D:3)
  2 steam dragons
  Menkaure (D:6)
  2 wargs (D:8)
  A water moccasin (D:7)
  5 necrophages (D:8)
  Pargi (D:3)
  2 orc warriors (D:8)
  3 ice beasts (D:6)
  2 black bears (D:6)
  A sky beast (D:7)
  An ogre (D:7)
  3 centaurs
  2 phantoms
  3 lemures (D:6)
  3 bullfrogs
  A kobold brigand (D:8)
  A water moccasin zombie (D:7)
  A scorpion (D:6)
  A wyvern skeleton (D:7)
  10 killer bees (D:8)
  17 wights
  2 bullfrog zombies
  2 centaur zombies (D:8)
  A jelly (D:6)
  3 hounds
  2 centaur skeletons
  3 orc priests
  Jessica (D:3)
  An iguana (D:7)
  7 orc wizards
  A hound zombie (D:5)
  A mummy (D:8)
  Robin (D:3)
  A howler monkey zombie (D:8)
  8 adders
  2 shadow imps (D:6)
  2 white imps
  An ufetubus (D:6)
  4 worms
  4 dart slugs
  29 orcs
  4 endoplasms
  2 giant cockroaches (D:3)
  20 goblins
  5 hobgoblins
  5 jackals
  4 quokkas
  9 ball pythons
  2 bats
  10 frilled lizards
  7 kobolds
  9 rats
  3 fulminant prisms (D:6)
224 creatures vanquished.

Vanquished Creatures (others)
  43 fulminant prisms
  3 withered plants (D:8)
46 creatures vanquished.

Grand Total: 270 creatures vanquished

Notes
Turn   | Place    | Note
-------+----------+-------------------------------------------
     0 | D:1      | ChaosChampion the Deep Elf Conjurer began the quest for the
                  | Orb.
     0 | D:1      | Reached XP level 1. HP: 10/10 MP: 6/6
   194 | D:1      | Reached XP level 2. HP: 15/15 MP: 6/8
   197 | D:1      | Learned a level 2 spell: Searing Ray
  1018 | D:2      | Reached XP level 3. HP: 19/19 MP: 10/10
  1551 | D:2      | Noticed a great orb of eyes
  1555 | D:2      | Noticed a shining eye
  1576 | D:2      | Found a faded altar of an unknown god.
  1577 | D:2      | Found Osmoe's General Store.
  1577 | D:2      | Noticed an eye of devastation
  2233 | D:3      | Reached skill level 4 in Spellcasting
  2233 | D:3      | Reached XP level 4. HP: 24/24 MP: 12/12
  2333 | D:3      | Noticed Robin
  2338 | D:3      | Killed Robin
  2339 | D:3      | Reached skill level 5 in Conjurations
  2372 | D:2      | Reached XP level 5. HP: 19/28 MP: 1/13
  2614 | D:3      | Found an ornate altar of the Wu Jian Council.
  2647 | D:3      | Noticed Jessica
  2649 | D:3      | Killed Jessica
  2748 | D:3      | Noticed Sigmund
  2756 | D:3      | Killed Sigmund
  2757 | D:3      | Reached skill level 5 in Spellcasting
  2757 | D:3      | Reached XP level 6. HP: 15/32 MP: 13/15
  2972 | D:3      | Found a broken altar of Ashenzari.
  2980 | D:3      | Noticed Grinder
  2983 | D:3      | Paralysed by Grinder for 2 turns
  2991 | D:3      | Killed Grinder
  2992 | D:3      | Reached skill level 6 in Spellcasting
  2992 | D:3      | Reached XP level 7. HP: 27/36 MP: 12/18
  3160 | D:3      | Noticed Pargi
  3166 | D:3      | Killed Pargi
  3184 | D:3      | Learned a level 4 spell: Fulminant Prism
  3189 | D:3      | Learned a level 4 spell: Iskenderun's Mystic Blast
  3229 | D:5      | Entered Level 5 of the Dungeon
  3237 | D:5      | Found a glowing silver altar of Zin.
  3240 | D:5      | Found a shimmering altar of Xom.
  3240 | D:5      | Found an ancient bone altar of Kikubaaqudgha.
  3300 | D:6      | Reached skill level 1 in Hexes
  3300 | D:6      | Reached skill level 1 in Translocations
  3428 | D:6      | Found a runed translucent door.
  3451 | D:6      | Found a staircase to the Ecumenical Temple.
  3482 | D:6      | Reached skill level 7 in Spellcasting
  3500 | D:6      | Found Zutotsez's Antique Weapon Emporium.
  3509 | Temple   | Entered the Ecumenical Temple
  3606 | Temple   | Became a worshipper of Vehumet
  3645 | D:6      | Noticed a steam dragon
  4060 | D:4      | Reached XP level 8. HP: 41/41 MP: 20/20
  4530 | D:5      | Found a sacrificial altar of Ru.
  5045 | D:5      | Found a snail-covered altar of Cheibriados.
  5352 | D:6      | Reached * piety under Vehumet
  5352 | D:6      | Offered knowledge of Foxfire by Vehumet.
  5353 | D:6      | Reached skill level 8 in Spellcasting
  5365 | D:6      | Reached skill level 5 in Hexes
  5378 | D:6      | Noticed Menkaure
  5406 | D:6      | Killed Menkaure
  5568 | D:6      | Reached skill level 9 in Spellcasting
  5568 | D:6      | Reached XP level 9. HP: 39/45 MP: 24/24
  5879 | D:6      | Noticed Pikel
  5892 | D:6      | Killed Pikel
  5893 | D:6      | Reached skill level 10 in Spellcasting
  6003 | D:6      | Noticed MirrMurr's ghost (novice SpEn)
  6291 | D:7      | Noticed Prince Ribbit
  6299 | D:7      | Killed Prince Ribbit
  6300 | D:7      | Reached skill level 11 in Spellcasting
  6300 | D:7      | Reached skill level 10 in Conjurations
  7028 | D:7      | Reached XP level 10. HP: 50/50 MP: 27/27
  7322 | D:8      | Reached skill level 12 in Spellcasting
  7408 | D:8      | Reached ** piety under Vehumet
  7408 | D:8      | Offered knowledge of Shock by Vehumet.
  7414 | D:8      | Learned a level 3 spell: Inner Flame
  7565 | D:8      | Reached skill level 13 in Spellcasting
  7699 | D:8      | Offered knowledge of Conjure Flame by Vehumet.
  7804 | D:8      | Found a hide-covered altar of Uskayaw.
  7989 | D:8      | Engulfed by a cloud of flame

Illustrated notes

Levels and vault maps discovered:
D:1:      minmay_arrival_four_houses, layout_rooms, minmay_pentomino_u4
D:2:      layout_basic, serial_shops, shop,
          hellmonk_ecumenical_altar_watching_god
D:3:      layout_rooms, overflow_temple_1_default,
          nicolae_overflow_crystal_walls, kennysheep_generic_room_10,
          uniq_jessica, uniq_robin, uniq_sigmund, uniq_pargi, uniq_grinder
D:4:      layout_cave_pods, hangedman_decor_riveting
D:5:      layout_loops_ring, lemuel_coloured_pillars_altar,
          nicolae_ru_path_of_blood, grunt_temple_overflow_open
D:6:      layout_gridville, temple_pool_b, ebering_ghost_sewer_d,
          nicolae_take_the_stairs, grunt_ministairs_1, grunt_decor_arrowhead,
          uniq_pikel, uniq_menkaure
D:7:      layout_loops_corners, uniq_prince_ribbit1
D:8:      layout_gridville, old_standard_altar, erik_lair_orcish_takeover,
          serial_undead, serial_undead_d, serial_undead_a, serial_undead_c,
          serial_undead_c, serial_undead_d, serial_undead_c, serial_undead_a,
          serial_undead_a, nicolae_shop_overcharged_wands
Temple:   nicolae_temple_hex_pool

Skill      XL: |  1  2  3  4  5  6  7  8  9 10 |
---------------+-------------------------------+-----
Stealth        | 3 4 |  4.8
Dodging        | 3 4 |  4.5
Spellcasting   | 4 5 6 7 9 11 13 | 13.3
Conjurations   | 5 6 7 8 10 11 | 11.9
Hexes          | 3 6 |  6.0
Translocations | 2 3 |  3.0

Action                   |  1- 3 |  4- 6 |  7- 9 | 10-12 || total
-------------------------+-------+-------+-------+-------++-------
 Cast: Magic Dart        |    85 |    23 |   115 |    25 ||   248
       Searing Ray       |     7 |    12 |    52 |    19 ||    90
       Fulminant Prism   |       |       |    30 |    16 ||    46
       Iskenderun's Myst |       |       |     3 |    16 ||    19
       Inner Flame       |       |       |       |     7 ||     7
  Use: Scroll            |       |       |     2 |       ||     2
Armor: Robe              |     9 |     9 |       |       ||    18
       Troll leather arm |       |       |    19 |     5 ||    24
Dodge: Dodged            |     8 |    16 |    29 |    15 ||    68

Table legend: (Time is in decaauts)
 A = Elapsed time spent in this place.
 B = Non-inter-level travel time spent in this place.
 C = Inter-level travel time spent in this place.
 D = Time resting spent in this place.
 E = Time spent auto-exploring this place.
 F = Levels seen in this place.
 G = Mean time per level.
                   A        B        C        D        E       F      G
               +--------+--------+--------+--------+--------+-----+--------+
         Total |   7998 |   7718 |    280 |    728 |   5614 |   9 |  888.7 |
       Dungeon |   7878 |   7598 |    280 |    728 |   5549 |   8 |  984.8 |
        Temple |    119 |    119 |      0 |      0 |     65 |   1 |  119.0 |
               +--------+--------+--------+--------+--------+-----+--------+

Top non-repeatable levels by time:
     D:2: 1298 daAuts
     D:6: 1180 daAuts
     D:7: 1031 daAuts
     D:1: 1015 daAuts
     D:3: 906 daAuts
     D:5: 905 daAuts
     D:4: 866 daAuts
     D:8: 672 daAuts
  Temple: 119 daAuts
